 Dungeon Crawl Stone Soup version 0.23-a0-41-g8b50da7 (webtiles) character file.

261 riellis the Chopper (level 5, 0/41 HPs)
             Began as a Demigod Skald on Aug 5, 2018.
             Killed from afar by an orc wizard (8 damage)
             ... with a magic dart
             ... on level 4 of the Dungeon.
             The game lasted 00:10:34 (4477 turns).

riellis the Chopper (Demigod Skald)                 Turns: 4477, Time: 00:10:35

Health: 0/41       AC:  3    Str: 16    XL:     5   Next: 63%
Magic:  1/10       EV: 12    Int: 17    God:
Gold:   70         SH:  0    Dex: 15    Spells: 2/7 levels left

rFire    . . .     SeeInvis .   a - +0 hand axe
rCold    . . .     Gourm    .   (no shield)
rNeg     . . .     Faith    .   b - +0 leather armour
rPois    .         Spirit   .   (no helmet)
rElec    .         Reflect  .   (no cloak)
rCorr    .         Harm     .   (no gloves)
MR       .....                  (no boots)
Stlth    +.........             (no amulet)
HPRegen  0.13/turn              (no ring)
MPRegen  0.12/turn              (no ring)

@: flying
A: high mp 1
a: no special abilities


You were on level 4 of the Dungeon.
You were not hungry.

You visited 1 branch of the dungeon, and saw 4 of its levels.

You collected 70 gold pieces.

Inventory:

Hand Weapons
 a - a +0 hand axe (weapon)
 j - a +1 dagger of pain
 o - a +0 long sword
Missiles
 e - 4 tomahawks (quivered)
Armour
 b - a +0 leather armour (worn)
 i - a +0 large shield
 k - a +0 plate armour
 l - a +0 buckler
Jewellery
 f - an uncursed ring of poison resistance {unknown}
Scrolls
 c - 2 scrolls of magic mapping {unknown}
 g - 3 scrolls of identify {unknown}
 m - 2 scrolls of amnesia {unknown}
 p - 2 scrolls of teleportation {unknown}
 r - a scroll of enchant weapon {unknown}
Comestibles
 d - 3 rations


   Skills:
 - Level 1.7 Fighting
 + Level 5.7 Axes
 - Level 0.8 Armour
 - Level 1.7 Dodging
 - Level 1.7 Spellcasting
 - Level 2.6 Charms


You had 2 spell levels left.
You knew the following spells:

 Your Spells              Type           Power        Failure   Level  Hunger
a - Infusion              Chrm           ##..         9%          1    #......
b - Song of Slaying       Chrm           ##......     12%         2    ###....
c - Shroud of Golubria    Chrm/Tloc      #.........   22%         2    ###....

Your spell library contained the following spells:

 Spells                   Type           Power        Failure   Level  Hunger
 Regeneration             Chrm/Necr      #.........   38%         3    ###....
 Spectral Weapon          Hex/Chrm       #.......     38%         3    ###....


Dungeon Overview and Level Annotations

Branches:
Dungeon (4/15)
 Temple: D:4-7

Annotations:
D:3 Grinder


Innate Abilities, Weirdness & Mutations

You have an increased reservoir of magic. (+10% MP)


Message History

You are no longer poisoned.
The orc wizard mumbles some strange words.
The orc wizard seems to speed up.
You hit the orc wizard but do no damage.
The orc wizard is severely wounded.
You hit the orc. The orc wizard barely misses you. The orc barely misses you.
The orc wizard hits you with a dagger.
* * * LOW HITPOINT WARNING * * *
It was a potion of curing.
You feel better. The orc hits you with a hand axe.
The orc wizard hits you with a dagger.
* * * LOW HITPOINT WARNING * * *
It was a potion of flight.
You feel very buoyant.
You fly up into the air.
You are no longer magically infusing your attacks.
The orc wizard closely misses you. The orc hits you with a hand axe.
* * * LOW HITPOINT WARNING * * *
The orc wizard casts a spell at you. The magic dart hits you!
You die...

.# #+ #.# ...(
#.# #.(.. #$#
#.(.. .#.#
#.#o#+ .#.#.#
#.#(#.##
.#.#.#.#o#(#.#.#
.#.#.#.#@#(#.#.#
.#.#.#.#.#o#.#.#
#.#.#.#.#.#h#.#
.#.#.#.#.#.#.#.
#.#.#.#.#.#.#.#
#.#.#.#.#.#.#.#
#.#.#.#.#.#.#.#
.#.#.#.#.#.#.#.#
.#.#.#.#.#.#.##


You could see an orc wizard, an orc and a jackal.

Vanquished Creatures
  An orc wizard (D:3)
  An iguana (D:3)
  2 worker ants (D:4)
  7 adders
  2 oozes
  4 worms
  A dart slug (D:2)
  3 leopard geckos
  3 orcs
  3 ball pythons (D:2)
  4 giant cockroaches
  6 goblins
  11 hobgoblins
  3 jackals
  A quokka (D:2)
  6 bats
  7 frilled lizards
  4 kobolds
  7 rats
76 creatures vanquished.

Notes
Turn   | Place    | Note
-------+----------+-------------------------------------------
     0 | D:1      | riellis the Demigod Skald began the quest for the Orb.
     0 | D:1      | Reached XP level 1. HP: 17/17 MP: 5/5
    20 | D:1      | Reached skill level 2 in Axes
   316 | D:1      | Reached XP level 2. HP: 22/24 MP: 2/7
   930 | D:1      | Reached skill level 3 in Axes
  1307 | D:2      | Found a sparkling altar of Nemelex Xobeh.
  1318 | D:2      | Reached XP level 3. HP: 29/29 MP: 8/8
  1334 | D:2      | Learned a level 2 spell: Song of Slaying
  1337 | D:2      | Learned a level 2 spell: Shroud of Golubria
  1812 | D:2      | Found an iron altar of Okawaru.
  1813 | D:2      | Found a shattered altar of Ashenzari.
  1943 | D:2      | Reached skill level 4 in Axes
  2199 | D:2      | Reached XP level 4. HP: 36/36 MP: 4/9
  2579 | D:3      | Noticed Grinder
  3263 | D:3      | Reached skill level 5 in Axes
  3513 | D:3      | Found a sacrificial altar of Ru.
  3524 | D:3      | Reached XP level 5. HP: 33/41 MP: 8/10
  3769 | D:3      | Paralysed by Grinder for 3 turns
  3771 | D:3      | HP: 2/41 [bat (1)]
  4477 | D:4      | Killed from afar by an orc wizard

Vault maps used:
D:1:      lightli_iron_boxes
D:2:      overflow_temple_1_default, chequers_temple_overflow_statue_of_worship
D:3:      nicolae_ru_great_annihilating_truth, portal_sewer_entry_d,
          uniq_grinder
D:4:      zin_angel, kiku_gazebo_pond_becter, serial_shops,
          nicolae_shop_window_shopping, first_ration

Skill      XL: |  1  2  3  4 |
---------------+-------------+-----
Axes           | 2 3 4 5 |  5.7
Fighting       | |  1.7
Armour         | |  0.8
Dodging        | |  1.7
Spellcasting   | |  1.7
Charms         | |  2.6

Action                   |  1- 3 |  4- 6 || total
-------------------------+-------+-------++-------
Melee: Hand axe          |   131 |   155 ||   286
Throw: Tomahawk          |       |     9 ||     9
 Cast: Infusion          |     9 |    13 ||    22
       Shroud of Golubri |     5 |    15 ||    20
       Song of Slaying   |       |     3 ||     3
  Use: Potion            |       |     2 ||     2
 Stab: Sleeping          |       |     2 ||     2
       Paralysed         |       |     2 ||     2
  Eat: Chunk             |     5 |     5 ||    10
       Ration            |       |     1 ||     1
Armor: Leather armour    |    26 |    33 ||    59
Dodge: Dodged            |    80 |   103 ||   183

Table legend:
 A = Spawn XP
 B = Non-spawn XP
 C = Spawn XP percentage of total XP
 D = Spawn monster count
 E = Non-spawn monster count
 F = Spawn count percentage of total count
 G = Total turns spent on level
                    A         B        C        D         E        F      G
               +---------+---------+-------+---------+---------+-------+---------
         Total |       0 |     373 |   0.0 |       0 |      76 |   0.0 |  4477
               +---------+---------+-------+---------+---------+-------+---------
           D:1 |       0 |      40 |   0.0 |       0 |      26 |   0.0 |  1307
           D:2 |       0 |     110 |   0.0 |       0 |      24 |   0.0 |  1847
           D:3 |       0 |     138 |   0.0 |       0 |      19 |   0.0 |   980
           D:4 |       0 |      85 |   0.0 |       0 |       7 |   0.0 |   343
               +---------+---------+-------+---------+---------+-------+---------
